 Dungeon Crawl Stone Soup version 0.30-a0-782-ge64f9170bb (webtiles) character file.

Game seed: 980748597453545298

114018 ShnitzelX3 the Bewitcher (level 16, -1/82 HPs)
             Began as a Spriggan Enchanter on Feb 17, 2023.
             Was the Champion of Wu Jian.
             Hit by a silver javelin thrown by a merfolk javelineer (2 damage)
             ... on level 2 of the Shoals on Feb 19, 2023.
             The game lasted 01:33:49 (25782 turns).

ShnitzelX3 the Bewitcher (Spriggan Enchanter)      Turns: 25782, Time: 01:33:50

Health: -1/82      AC: 11    Str:  4    XL:     16   Next: 15%
Magic:  34/45      EV: 26    Int: 22    God:    Wu Jian [******]
Gold:   2735       SH:  0    Dex: 21    Spells: 17/45 levels left

rFire   + . .      SeeInvis +    a - +8 dagger of Yredelemnul, Mashing {drain, MP+9 Int+3}
rCold   + . .      Faith    .    (no shield)
rNeg    + . .      Spirit   .    O - +4 troll leather armour
rPois   .          Reflect  .    (helmet restricted)
rElec   .          Harm     .    l - +2 cloak
rCorr   .          Rampage  .    (gloves unavailable)
Will    ++...                    (boots unavailable)
Stlth   ++++++                   R - amulet of regeneration
HPRegen 1.93/turn                C - ring of flight
MPRegen 0.29/turn                Y - ring of Fyh Zamm {rF+ rC+ rN+}

@: confusing by touch, flying, very quick
A: very small, no large weapons, unfitting armour, see invisible, speed 3
a: Renounce Religion, Wall Jump, Serpent's Lash, Heavenly Storm


You were on level 2 of the Shoals.
You worshipped Wu Jian.
Wu Jian was exalted by your worship.
You visited 4 branches of the dungeon, and saw 24 of its levels.
You also visited: Gauntlet.

You collected 2895 gold pieces.
You spent 160 gold pieces at shops.

Inventory:

Hand Weapons
 a - the +8 dagger of Yredelemnul, Mashing (weapon) {drain, MP+9 Int+3}
   (You found it on level 4 of the Dungeon)

   Int:       It affects your intelligence (+3).
   MP:        It affects your magic capacity (+9).
 N - a +7 short sword of flaming
 T - a +0 falchion of electrocution
Missiles
 D - 3 boomerangs of dispersal (quivered)
 E - 7 curare-tipped darts
 G - 14 boomerangs
 X - a throwing net
Armour
 f - +0 ice dragon scales
 h - a +0 buckler
 l - a +2 cloak (worn)
 O - a +4 troll leather armour (worn)
Jewellery
 b - a ring of fire
 d - a +4 ring of protection
 q - a ring of willpower
 C - a ring of flight (left hand)
 I - a ring of protection from fire
 K - a ring of resist corrosion
 R - an amulet of regeneration (around neck)
 Y - the ring of Fyh Zamm (right hand) {rF+ rC+ rN+}
   (You found it on level 2 of the Shoals)

   [ring of protection from cold]

   rF:        It protects you from fire.
   rC:        It protects you from cold.
   rN:        It protects you from negative energy.
Wands
 n - a wand of roots (12)
 A - a wand of flame (5)
 B - a wand of light (3)
 J - a wand of charming (20)
 M - a wand of polymorph (10)
Scrolls
 g - 4 scrolls of fear
 i - 8 scrolls of teleportation
 o - 3 scrolls of magic mapping
 p - a scroll of fog
 s - 2 scrolls of torment
 t - 2 scrolls of silence
 u - 6 scrolls of amnesia
 v - 3 scrolls of noise
 y - 2 scrolls of vulnerability
 F - 3 scrolls of summoning
 H - a scroll of blinking {unknown}
 P - a scroll of identify
 S - 2 scrolls of enchant weapon
 Z - a scroll of immolation
Potions
 c - 5 potions of invisibility
 e - 5 potions of ambrosia
 j - 10 potions of curing
 k - 4 potions of mutation {unknown}
 m - 5 potions of lignification
 r - 5 potions of haste {unknown}
 w - 7 potions of heal wounds
 x - 2 potions of magic {unknown}
 z - 5 potions of might
 L - 3 potions of flight {unknown}
 Q - 3 potions of brilliance {unknown}
 U - 2 potions of degeneration {unknown}
 V - 2 potions of cancellation {unknown}
 W - 3 potions of attraction {unknown}


   Skills:
 * Level 8.3 Fighting
 + Level 13.4 Short Blades
 + Level 13.3 Dodging
 + Level 15.9 Stealth
 * Level 15.0 Spellcasting
 - Level 2.3 Conjurations
 * Level 17.1 Hexes
 + Level 1.5 Translocations
 - Level 4.7 Earth Magic
 - Level 7.0 Invocations


You had 17 spell levels left.
You knew the following spells:

 Your Spells              Type           Power      Damage    Failure   Level
a - Ensorcelled Hibernat  Hex/Ice        100%       N/A       1%          2
b - Confusing Touch       Hex            75%        N/A       1%          3
c - Tukima's Dance        Hex            75%        N/A       1%          3
d - Cause Fear            Hex            37%        N/A       1%          4
e - Inner Flame           Hex/Fire       52%        N/A       1%          3
f - Blink                 Tloc           46%        N/A       5%          2
g - Stone Arrow           Conj/Erth      64%        3d11      4%          3
h - Discord               Hex            37%        N/A       36%         8

Your spell library contained the following spells:

 Spells                   Type           Power      Damage    Failure   Level
 Sandblast                Erth           74%        2d16      1%          1
 Dazzling Flash           Conj/Hex       100%       N/A       1%          3
 Portal Projectile        Hex/Tloc       100%       N/A       1%          3
 Anguish                  Hex/Necr       26%        N/A       1%          4
 Leda's Liquefaction      Hex/Erth       29%        N/A       1%          4
 Passwall                 Tmut/Erth      21%        N/A       3%          2
 Momentum Strike          Conj/Tloc      50%        3d9       4%          2
 Lesser Beckoning         Tloc           46%        N/A       5%          2
 Silence                  Hex/Air        26%        N/A       5%          5
 Summon Mana Viper        Hex/Summ       52%        N/A       5%          5
 Call Canine Familiar     Summ           16%        N/A       19%         3
 Frozen Ramparts          Ice            32%        1d5       19%         3
 Spider Form              Tmut/Pois      16%        N/A       19%         3
 Lee's Rapid Deconstruct  Erth           18%        3d11*     26%         5
 Ice Form                 Ice/Tmut       16%        N/A       54%         4
 Summon Ice Beast         Ice/Summ       16%        N/A       54%         4
 Borgnjor's Vile Clutch   Necr/Erth      13%        N/A       56%         5
 Summon Forest            Summ/Tloc      10%        N/A       78%         5
 Agony                    Necr           16%        N/A       87%         5
 Alistair's Intoxication  Tmut/Pois      10%        N/A       87%         5
 Statue Form              Tmut/Erth      17%        N/A       98%         6
 Eringya's Noxious Bog    Tmut/Pois      8%         N/A       100%        6
 Summon Cactus Giant      Summ           8%         N/A       100%        6


Dungeon Overview and Level Annotations

Branches:
Dungeon (15/15)            Temple (0/1) D:6            Lair (5/5) D:10
 Shoals (2/4) Lair:3       Spider (0/4) Lair:2        Slime (0/5) Lair:5
    Orc (2/2) D:12            Elf (0/3) Orc:2        Vaults (0/5) D:13
 Depths (0/4) D:15        Gauntlet (visited)

Altars:
Cheibriados
Dithmenos
Elyvilon
Fedhas
Ru
Trog
Uskayaw
Wu Jian
Xom
Yredelemnul
Zin
The Shining One

Shops:
D:8 *   Orc:2 [:*(

Annotations:
D:14 3 runed translucent doors, barkas's ghost, adept DsCA


Innate Abilities, Weirdness & Mutations

You are very small and have problems with some larger weapons.
You are too small for most types of armour.
You have supernaturally acute eyesight. (SInv)
You cover ground extremely quickly. (Speed+++)


Message History

Your hands begin to glow red.
The merfolk javelineer throws a silver javelin.
The silver javelin pierces through you!
Your +1 spear of venom hits the merfolk javelineer from afar!
The merfolk javelineer looks as sick as possible!
The merfolk javelineer throws a silver javelin.
The silver javelin pierces through you!
Aiming: Polymorph
Press: ? - help, Shift-Dir - straight line, f/p - merfolk javelineer
Aim: a merfolk javelineer, wearing a +0 leather armour and quivering silver javelins (water, lightly wounded, extremely poisoned, ally target, chance to confuse on hit: 49%, will become a quicksilver ooze, an alligator, or a great orb of eyes, chance to affect: 17%)
Okay, then.
Unknown command.
Casting: Confusing Touch (safe; 1% risk of failure)
Confirm with . or Enter, or press ? or * to list all spells.
Aiming: Ensorcelled Hibernation (safe; 1% risk of failure)
Press: ? - help, Shift-Dir - straight line, f/p - merfolk javelineer
Aim: a merfolk javelineer, wearing a +0 leather armour and quivering silver javelins (water, lightly wounded, extremely poisoned, ally target, chance to confuse on hit: 49%, chance to affect: 37%)
The merfolk javelineer easily resists.
The merfolk javelineer throws a silver javelin.
The silver javelin pierces through you!
Your +1 spear of venom barely misses the merfolk javelineer.
Okay, then.
Unknown command.
Casting: Ensorcelled Hibernation (safe; 1% risk of failure)
Confirm with . or Enter, or press ? or * to list all spells.
Casting: Cause Fear (safe; 1% risk of failure)
Press: ? - help, Dir - look around, f - activate The merfolk javelineer easily resists.
The merfolk javelineer throws a silver javelin.
The silver javelin pierces through you!!
* * * LOW HITPOINT WARNING * * *
* * * LOW HITPOINT WARNING * * *
Your +1 spear of venom hits the merfolk javelineer from afar.
The merfolk javelineer looks as sick as possible!
As you read the scroll of fog, it crumbles to dust.
The scroll dissolves into smoke.
The merfolk javelineer throws a silver javelin.
The silver javelin pierces through you!
* * * LOW HITPOINT WARNING * * *
You die...

≈≈≈≈≈≈≈≈≈≈≈≈≈≈≈
≈≈≈≈≈≈≈≈≈≈≈≈≈≈≈≈
≈≈≈≈≈≈≈≈≈≈≈≈≈≈≈≈
≈≈≈≈≈≈≈≈≈≈≈≈≈≈≈≈
≈≈≈≈≈≈≈≈≈≈≈≈≈≈≈≈
≈≈≈≈≈≈≈≈≈≈≈≈≈≈≈( ≈≈≈≈≈≈≈≈
≈≈≈≈≈≈≈≈§§≈≈≈m≈≈≈≈≈≈≈≈≈≈≈
≈≈≈≈≈≈≈§@§≈≈≈≈≈≈≈≈≈≈≈≈≈≈≈
≈≈≈≈≈≈≈§§§≈≈≈≈≈≈≈≈≈~~~≈≈≈
≈≈≈≈≈≈≈≈≈≈≈≈≈≈≈≈≈≈~~~~~≈≈
≈≈≈≈≈≈≈≈≈≈≈≈≈≈≈≈≈≈~~..~~~
≈≈≈≈≈≈≈≈≈≈≈≈≈≈≈≈≈~~....~~
≈≈≈≈≈≈≈≈≈≈≈≈≈≈≈≈≈~~......
≈≈≈≈≈≈≈≈≈≈≈≈≈≈≈≈~~.......
≈≈≈≈≈≈≈≈≈≈≈≈≈≈≈≈~~......†
≈≈≈≈≈≈≈≈≈≈≈≈≈≈≈≈~~..~.###


You could see a merfolk javelineer (extremely poisoned, ally target) and a
friendly +1 spear of venom.

Vanquished Creatures
  Rupert (Lair:3)
  A kraken (Shoals:2)
  A fire giant (D:15)
  2 orc warlords (Orc:2)
  8 hydras
  A vault guard (D:13)
  4 boulder beetles
  Erolcha (Orc:2)
  5 centaur warriors
  7 death yaks
  2 two-headed ogres
  A tengu warrior (D:13)
  An orc high priest (Orc:2)
  6 skysharks
  Lodul (D:11)
  4 sea snakes
  A lindwurm (shapeshifter) (D:13)
  4 orc knights
  An oklob plant (Lair:4)
  A deep elf pyromancer (D:15)
  9 harpies
  2 wolf spiders (Lair:5)
  2 orc sorcerers (Orc:2)
  18 ugly things
  7 cyclopes
  9 manticores
  2 fauns (Shoals:1)
  5 elephants
  8 black mambas
  A torpor snail (Lair:5)
  4 water nymphs
  4 centaur zombies (D:10)
  A guardian serpent (Lair:5)
  4 centaur skeletons (D:10)
  10 cane toads
  3 gargoyles (D:13)
  2 unseen horrors
  3 rime drakes
  3 unseen horror zombies (D:10)
  8 komodo dragons
  A yaktaur (D:12)
  A tengu conjurer (D:13)
  3 merfolk
  An unseen horror skeleton (D:10)
  2 efreet (D:13)
  6 trolls
  Grinder (D:5)
  4 hornets
  A tarantella (shapeshifter) (D:15)
  3 snapping turtles
  5 dream sheep (Lair:4)
  23 blink frogs
  A dancing weapon (Orc:2)
  2 flying skulls (D:10)
  11 slime creatures
  A meliai zombie (D:10)
  6 jumping spiders (Lair:2)
  2 culicivoras (Lair:2)
  4 water elementals
  20 yaks
  A vampire (D:11)
  7 wraiths
  8 wyverns
  9 shadows
  5 humans (D:8)
  Eustachio (D:5)
  A basilisk (D:13)
  2 steam dragons
  5 redbacks
  3 death yak simulacra (Lair:4)
  5 vampire mosquitoes
  7 wargs
  An acid dragon (D:12)
  22 water moccasins
  A meliai simulacrum (D:14)
  A black bear (Lair:2)
  18 orc warriors
  2 ice beasts
  3 sky beasts
  11 ogres
  10 wolves
  A phantom (D:5)
  6 centaurs
  Blork the orc (D:5)
  2 kobold brigands
  9 bullfrogs
  3 gnoll sergeants
  A necrophage (D:6)
  A scorpion (D:6)
  A cane toad simulacrum (Lair:4)
  12 wights
  4 killer bees (D:9)
  A howler monkey (D:5)
  A jelly (D:5)
  15 orc priests
  5 hounds
  2 iguanas
  2 hell rats
  21 orc wizards
  A polar bear simulacrum (Lair:4)
  6 gnolls
  2 howler monkey skeletons (D:10)
  8 adders
  2 shadow imps
  2 white imps
  3 worms
  A dart slug (D:1)
  56 orcs
  5 endoplasms
  4 giant cockroaches (D:1)
  6 goblins
  13 hobgoblins
  4 quokkas
  9 ball pythons
  6 bats
  A frilled lizard (D:1)
  12 kobolds
  9 rats
617 creatures vanquished.

Vanquished Creatures (collateral kills)
  4 merfolk impalers
  2 two-headed ogres
  2 death yaks (Lair:3)
  3 fauns (Shoals:1)
  8 elephants (Lair:5)
  A water nymph (Shoals:1)
  A rime drake (Lair:5)
  A cane toad (Lair:5)
  A komodo dragon (Lair:5)
  A merfolk (Shoals:1)
  A dancing weapon (Shoals:2)
  3 blink frogs (Lair:5)
  2 wyverns (Lair:5)
  A yak (Lair:5)
  A vampire mosquito (D:12)
  6 orc warriors
  2 ogres (D:11)
  6 wights
  3 orc priests
  4 hell rats (Lair:5)
  4 orc wizards
  5 gnolls
  14 orcs
76 creatures vanquished.

Vanquished Creatures (others)
  A death yak (Lair:3)
  A harpy (Lair:3)
  A cane toad (Lair:5)
  22 dancing weapons
  An orc warrior (Orc:2)
  37 fungi
  63 plants
126 creatures vanquished.

Grand Total: 819 creatures vanquished

Notes
Turn   | Place    | Note
-------+----------+-------------------------------------------
     0 | D:1      | ShnitzelX3 the Spriggan Enchanter began the quest for the
                  | Orb.
     0 | D:1      | Reached XP level 1. HP: 9/9 MP: 5/5
   325 | D:1      | Reached XP level 2. HP: 13/13 MP: 6/6
   444 | D:1      | Learned a level 2 spell: Ensorcelled Hibernation
  1091 | D:1      | Reached XP level 3. HP: 16/16 MP: 5/8
  1142 | D:1      | Reached skill level 4 in Hexes
  1215 | D:1      | Learned a level 3 spell: Confusing Touch
  1219 | D:1      | Learned a level 3 spell: Tukima's Dance
  1446 | D:2      | Reached skill level 5 in Stealth
  2047 | D:2      | Reached XP level 4. HP: 21/21 MP: 7/10
  2771 | D:3      | Found an ornate altar of the Wu Jian Council.
  2778 | D:3      | Became a worshipper of the Wu Jian Council
  2915 | D:3      | Reached XP level 5. HP: 24/24 MP: 5/11
  3042 | D:3      | Found a sacrificial altar of Ru.
  3048 | D:3      | Found a shimmering altar of Xom.
  3051 | D:3      | Found a blossoming altar of Fedhas.
  3051 | D:3      | Found a snail-covered altar of Cheibriados.
  3060 | D:3      | Found a glowing golden altar of the Shining One.
  3392 | D:4      | Identified the +8 dagger of Yredelemnul, Mashing {drain,
                  | MP+9 Int+3}
  3652 | D:4      | Noticed an ogre
  3661 | D:4      | Killed an ogre
  3662 | D:4      | Reached skill level 5 in Hexes
  3662 | D:4      | Reached skill level 1 in Invocations
  3662 | D:4      | Reached XP level 6. HP: 28/28 MP: 12/12
  3771 | D:4      | Found a shadowy altar of Dithmenos.
  3806 | D:4      | Reached * piety under Wu Jian
  3872 | D:5      | Entered Level 5 of the Dungeon
  4092 | D:5      | Noticed Eustachio
  4114 | D:5      | Killed Eustachio
  4115 | D:5      | Reached XP level 7. HP: 32/32 MP: 14/14
  4120 | D:5      | Found a bloodstained altar of Trog.
  4138 | D:5      | Reached skill level 6 in Hexes
  4286 | D:5      | Noticed Grinder
  4295 | D:5      | Killed Grinder
  4296 | D:5      | Reached skill level 5 in Dodging
  4363 | D:5      | Found a hide-covered altar of Uskayaw.
  4384 | D:5      | Noticed Blork the orc
  4386 | D:5      | Killed Blork the orc
  4546 | D:5      | Reached XP level 8. HP: 16/36 MP: 16/16
  4553 | D:5      | Reached skill level 5 in Short Blades
  4553 | D:5      | Reached skill level 5 in Spellcasting
  4772 | D:5      | Reached skill level 7 in Hexes
  5553 | D:6      | Found a staircase to the Ecumenical Temple.
  5843 | D:6      | Reached skill level 8 in Hexes
  5861 | D:6      | Reached XP level 9. HP: 39/39 MP: 18/18
  6108 | D:7      | Learned a level 4 spell: Cause Fear
  6112 | D:7      | Learned a level 3 spell: Inner Flame
  6178 | D:7      | Reached ** piety under Wu Jian
  6947 | D:8      | Found Zin's Purification Station.
  6948 | D:8      | Found a glowing silver altar of Zin.
  7251 | D:8      | Reached skill level 9 in Hexes
  7303 | D:8      | Learned a level 2 spell: Blink
  7433 | D:8      | Reached XP level 10. HP: 44/44 MP: 21/21
  7531 | D:9      | Found a white marble altar of Elyvilon.
  7616 | D:9      | Reached *** piety under Wu Jian
  8047 | D:9      | Found a basalt altar of Yredelemnul.
  8143 | D:9      | Noticed a two-headed ogre
  8150 | D:9      | Killed a two-headed ogre
  8151 | D:9      | Reached skill level 10 in Hexes
  8199 | D:9      | Reached skill level 5 in Invocations
  8383 | D:10     | Entered Level 10 of the Dungeon
  8498 | D:9      | Reached skill level 10 in Stealth
  8785 | D:10     | Found a staircase to the Lair.
  8841 | D:10     | Noticed a death yak
  8904 | D:10     | Noticed a death yak
  8905 | D:10     | Noticed a death yak
  8911 | D:10     | Noticed a death yak
  8940 | D:10     | Noticed a death yak
  8940 | D:10     | Noticed a death yak
  9095 | D:10     | Reached skill level 1 in Earth Magic
  9095 | D:10     | Reached XP level 11. HP: 42/47 MP: 23/23
  9100 | D:10     | Noticed a necromancer
  9292 | D:10     | Reached skill level 1 in Conjurations
  9292 | D:10     | Reached skill level 11 in Hexes
  9298 | D:10     | Learned a level 3 spell: Stone Arrow
  9605 | D:10     | Reached **** piety under Wu Jian
  9670 | D:10     | Noticed a death yak
  9934 | D:11     | Noticed a two-headed ogre
  9967 | D:11     | Killed a two-headed ogre
  9968 | D:11     | Reached skill level 10 in Short Blades
 10158 | D:11     | Noticed Lodul
 10206 | Lair:1   | Entered Level 1 of the Lair of Beasts
 10230 | Lair:1   | Found a gate leading to a gauntlet.
 10244 | Gauntlet | Entered a Gauntlet
 10244 | Gauntlet | Found a large runed translucent door.
 10244 | Gauntlet | Found a large runed translucent door.
 10244 | Gauntlet | Found a large runed translucent door.
 10244 | Gauntlet | Found a large runed translucent door.
 10244 | Gauntlet | Found a large runed translucent door.
 10244 | Gauntlet | Found a large runed translucent door.
 10244 | Gauntlet | Found a large runed translucent door.
 10244 | Gauntlet | Found a large runed translucent door.
 10244 | Gauntlet | Found a runed translucent door.
 10244 | Gauntlet | Found a runed translucent gate.
 10244 | Gauntlet | Found a transporter.
 10244 | Gauntlet | Found a transporter.
 10244 | Gauntlet | Found a runed translucent gate.
 10244 | Gauntlet | Found a transporter.
 10244 | Gauntlet | Found a transporter.
 10292 | Gauntlet | Found a transporter.
 10292 | Gauntlet | Found a transporter.
 10306 | Gauntlet | Found a transporter.
 10307 | Gauntlet | Found a transporter.
 10310 | Gauntlet | Noticed a green death
 10313 | Gauntlet | Noticed a white ugly thing
 10316 | Gauntlet | Found a transporter.
 10320 | Gauntlet | Noticed a glowing orange brain
 10390 | Gauntlet | Found a runed translucent door.
 10391 | Gauntlet | Found a large runed translucent door.
 10391 | Gauntlet | Found a large runed translucent door.
 10391 | Gauntlet | Found a large runed translucent door.
 10391 | Gauntlet | Found a large runed translucent door.
 10392 | Gauntlet | Found a large runed translucent door.
 10392 | Gauntlet | Found a large runed translucent door.
 10393 | Gauntlet | Found a large runed translucent door.
 10393 | Gauntlet | Found a large runed translucent door.
 10402 | Gauntlet | Found a runed translucent gate.
 10420 | Gauntlet | Found a transporter.
 10422 | Gauntlet | Found a transporter.
 10432 | Gauntlet | Found a transporter.
 10828 | Lair:1   | Reached skill level 12 in Hexes
 11196 | Lair:1   | Reached XP level 12. HP: 51/51 MP: 22/25
 11198 | Lair:1   | Reached ***** piety under Wu Jian
 11389 | Lair:2   | Noticed a seven-headed hydra
 11539 | Lair:2   | Noticed a six-headed hydra
 11545 | Lair:2   | Killed a six-headed hydra
 11692 | Lair:2   | Noticed a five-headed hydra
 11696 | Lair:2   | Killed a five-headed hydra
 11910 | Lair:2   | Found a hole to the Spider Nest.
 12063 | Lair:2   | Killed a seven-headed hydra
 12064 | Lair:2   | Reached skill level 10 in Dodging
 12226 | Lair:3   | Noticed a death yak
 12226 | Lair:3   | Noticed a death yak
 12226 | Lair:3   | Noticed a death yak
 12226 | Lair:3   | Noticed a death yak
 12341 | Lair:3   | Reached skill level 13 in Hexes
 12645 | Lair:3   | Noticed a death yak
 12778 | Lair:3   | Reached skill level 1 in Fighting
 12868 | Lair:3   | Reached skill level 10 in Spellcasting
 12963 | Lair:3   | Noticed Rupert
 13372 | Lair:4   | Noticed a four-headed hydra
 13389 | Lair:4   | Killed a four-headed hydra
 13523 | Lair:4   | Found a frozen archway.
 13630 | Lair:4   | Reached XP level 13. HP: 59/59 MP: 28/28
 14351 | Lair:5   | Entered Level 5 of the Lair of Beasts
 14838 | D:10     | Reached ****** piety under Wu Jian
 14843 | D:10     | Reached skill level 14 in Hexes
 15071 | D:11     | Killed Lodul
 15899 | D:12     | Learned a level 8 spell: Discord
 16141 | D:12     | Found a staircase to the Orcish Mines.
 16615 | Orc:1    | Entered Level 1 of the Orcish Mines
 17101 | Orc:2    | Entered Level 2 of the Orcish Mines
 17102 | Orc:2    | Upgraded the game from 0.30-a0-779-g7971cf19c3 to
                  | 0.30-a0-782-ge64f9170bb
 17199 | Orc:2    | Found a staircase to the Elven Halls.
 17765 | Orc:2    | Reached skill level 5 in Fighting
 17765 | Orc:2    | Reached XP level 14. HP: 68/68 MP: 12/31
 17776 | Orc:2    | Noticed an orc warlord
 17995 | Orc:2    | Killed an orc warlord
 18025 | Orc:2    | Noticed an orc warlord
 18305 | Orc:2    | Killed an orc warlord
 18533 | Orc:2    | Noticed Erolcha
 18536 | Orc:2    | Killed Erolcha
 18889 | Orc:2    | Found Gida Vif's General Store.
 18894 | Orc:2    | Found Qihorevich's Antique Armour Shop.
 18922 | Orc:2    | Bought 2 potions of heal wounds for 160 gold pieces
 18931 | Orc:2    | Found Jope's Antique Weapon Shop.
 18947 | Orc:2    | Found Wuacux Nihin's Book Shop.
 19189 | D:13     | Found a gate to the Vaults.
 19279 | D:13     | Reached skill level 15 in Hexes
 20506 | D:14     | Found a runed translucent gate.
 20509 | D:14     | Noticed barkas's ghost (adept DsCA)
 20520 | D:14     | Found a runed translucent gate.
 20521 | D:14     | Found a runed translucent gate.
 20523 | D:14     | Noticed a sphinx
 20982 | D:15     | Entered Level 15 of the Dungeon
 21208 | D:15     | Found a staircase to the Depths.
 21209 | D:15     | Noticed a fire giant
 21219 | D:15     | Killed a fire giant
 21564 | D:15     | Reached XP level 15. HP: 74/74 MP: 33/33
 21997 | Shoals:1 | Entered Level 1 of the Shoals
 22164 | Shoals:1 | Reached skill level 15 in Stealth
 22181 | Shoals:1 | Reached skill level 16 in Hexes
 22513 | Lair:3   | You are sucked into a shaft and drop 2 floors!
 23867 | Lair:5   | Found a staircase to the Slime Pits.
 24121 | Lair:3   | Killed Rupert
 24990 | Shoals:2 | Identified the ring of Fyh Zamm {rF+ rC+ rN+}
 25184 | Shoals:2 | Reached XP level 16. HP: 81/81 MP: 35/35
 25487 | Shoals:2 | Reached skill level 17 in Hexes
 25535 | Shoals:2 | Reached skill level 1 in Translocations
 25546 | Shoals:2 | Reached skill level 15 in Spellcasting
 25580 | Shoals:2 | Noticed a kraken
 25586 | Shoals:2 | Killed a kraken
 25782 | Shoals:2 | HP: 1/82 [merfolk javelineer/silver javelin (14)]
 25782 | Shoals:2 | Hit by a silver javelin thrown by a merfolk javelineer

Illustrated notes

Levels and vault maps discovered:
D:1:      minmay_arrival_four_loops, layout_basic
D:2:      layout_loops_corners
D:3:      layout_loops_ring, mainiacjoe_overflow_tiny_flanked,
          nicolae_overflow_hallway_of_the_gods, corexii_corridor_pit
D:4:      layout_cave_pools, nicolae_dithmenos_the_darkroom,
          grunt_decor_mini_mirrors
D:5:      layout_basic, nicolae_overflow_crystal_walls,
          trog_three_pillars_becter, uniq_eustachio, uniq_blork_the_orc,
          uniq_grinder
D:6:      layout_gridville, minmay_temple_entry_glassed_door,
          serial_co_window_serial, co_window_paths_a,
          co_window_of_opportunity_a, co_window_of_opportunity_a,
          co_window_corner_a, co_window_paths_b, co_window_corner_ca,
          co_window_unsneaky_path_d, co_window_corner_b, co_window_broadway_c,
          co_window_sun, co_window_paths_e, glass_columns_a, glass_columns_a,
          glass_columns_a, glass_columns_c, glass_columns_b,
          hangedman_abyss_or_decor_stagger, st_stairs_10
D:7:      layout_basic, gammafunk_temple_overflow_elements,
          hangedman_decor_opposing
D:8:      layout_basic, zin_purify, minmay_ruffians
D:9:      layout_irregular_city, kennysheep_ying_yang
D:10:     hangedman_screamer, layout_long_grid, dpeg_lair_monsters
D:11:     layout_rooms, uniq_lodul
D:12:     layout_layer_cave, erik_orc_4
D:13:     minmay_s_stair_smasher, layout_basic, david_vaults_5
D:14:     layout_roguey, minmay_strange_pillars, gammafunk_ghost_split,
          kennysheep_flooded_box
D:15:     grunt_enter_depths_giant_problem, layout_long_grid,
          minmay_fractal_squares_gapless_5
Lair:1:   layout_cave_shapes, gauntlet_entry_generic, grunt_megastairs_1
Lair:2:   nzn_winding_woodlands_small
          [nzn_winding_woodlands_5x15_pathside_ponds,
          nzn_winding_woodlands_center_diamonds,
          nzn_winding_woodlands_5x15_lazy_stream], layout_misc_corridors,
          nicolae_spider_entry_tight_spaces
Lair:3:   layout_long_grid, nicolae_shoals_entry_flooding,
          infiniplex_staircase_pool, uniq_rupert
Lair:4:   layout_loops_ring, portal_ice_cave_entry_ice_simulacra
Lair:5:   hangedman_lair_tendril_chambers, layout_long_grid,
          dpeg_slime_entry_enclosed
Shoals:1: layout_shoals, nicolae_shoals_nautilus_by_nature
Shoals:2: layout_shoals, nicolae_shoals_pincushion_passage
Orc:1:    layout_caves
Orc:2:    grunt_orc_cross, layout_caves, uniq_erolcha

Skill      XL: |  1  2  3  4  5  6  7  8  9 10 11 12 13 14 15 16 |
---------------+-------------------------------------------------+-----
Dodging        | 3 4 5 6 7 8 9 10 11 12 13 | 13.3
Spellcasting   | 3 4 5 6 7 8 10 12 13 14 15 | 15.0
Hexes          | 4 5 6 8 9 10 12 13 14 15 16 17 | 17.1
Short Blades   | 2 3 4 6 7 9 10 11 12 13 | 13.4
Stealth        | 5 6 8 9 10 11 12 13 14 15 | 15.9
Invocations    | 1 2 3 4 5 6 7 |  7.0
Earth Magic    | 1 2 3 4 |  4.7
Conjurations   | 2 |  2.3
Fighting       | 2 5 6 8 |  8.3
Translocations | 1 |  1.5

Action                     |  1- 3 |  4- 6 |  7- 9 | 10-12 | 13-15 | 16-18 || total
---------------------------+-------+-------+-------+-------+-------+-------++-------
  Melee: Dagger            |    94 |    85 |   193 |   474 |  1129 |    70 ||  2045
         Punch             |     2 |     1 |     7 |    14 |    23 |     2 ||    49
  Throw: Dart              |       |       |     2 |       |       |       ||     2
   Cast: Ensorcelled Hiber |    31 |    18 |     9 |    56 |    34 |     8 ||   156
         Confusing Touch   |     1 |     5 |    30 |    69 |   170 |    11 ||   286
         Tukima's Dance    |       |     2 |    23 |    32 |   113 |     2 ||   172
         Cause Fear        |       |       |     1 |     4 |     5 |     1 ||    11
         Inner Flame       |       |       |     1 |     5 |    33 |       ||    39
         Blink             |       |       |       |     3 |     3 |       ||     6
         Stone Arrow       |       |       |       |    15 |    55 |       ||    70
         Discord           |       |       |       |       |     7 |       ||     7
Ability: Lunge             |       |     9 |    21 |    68 |    96 |     7 ||   201
         Whirlwind         |       |       |     2 |    19 |    44 |     2 ||    67
  Evoke: Wand              |       |       |       |     9 |    13 |       ||    22
    Use: Scroll            |       |       |     6 |     7 |    21 |     2 ||    36
         Potion            |       |       |       |       |       |     1 ||     1
   Stab: Sleeping          |    30 |    20 |    19 |    53 |    51 |     8 ||   181
         Confused          |     1 |     4 |    18 |    51 |   153 |     8 ||   235
         Distracted        |       |       |     2 |       |     6 |       ||     8
         Invisible         |       |       |       |       |     4 |       ||     4
 Armour: Robe              |    13 |     6 |    14 |     2 |       |       ||    35
         Ice dragon scales |       |       |     1 |       |       |       ||     1
         Steam dragon scal |       |       |       |    23 |       |       ||    23
         Troll leather arm |       |       |       |    13 |    76 |     3 ||    92
  Dodge: Dodged            |    67 |    46 |    82 |   267 |   635 |    41 ||  1138
  Block: Buckler           |       |       |       |       |     1 |       ||     1

Table legend: (Time is in decaauts)
 A = Elapsed time spent in this place.
 B = Non-inter-level travel time spent in this place.
 C = Inter-level travel time spent in this place.
 D = Time resting spent in this place.
 E = Time spent auto-exploring this place.
 F = Levels seen in this place.
 G = Mean time per level.
                   A        B        C        D        E       F      G
               +--------+--------+--------+--------+--------+-----+--------+
         Total |  17641 |  16657 |    984 |   3496 |   7567 |  25 |  705.6 |
       Dungeon |  10107 |   9617 |    490 |   1758 |   4919 |  15 |  673.8 |
          Lair |   4388 |   4009 |    379 |    845 |   1598 |   5 |  877.6 |
        Shoals |   1137 |   1058 |     79 |     70 |    479 |   2 |  568.5 |
  Orcish Mines |   1815 |   1781 |     34 |    779 |    486 |   2 |  907.5 |
      Gauntlet |    193 |    193 |      0 |     44 |     82 |   1 |  193.0 |
               +--------+--------+--------+--------+--------+-----+--------+

Top non-repeatable levels by time:
  Lair:4: 1359 daAuts
   Orc:2: 1130 daAuts
    D:10: 1096 daAuts
     D:1: 990 daAuts
     D:9: 986 daAuts
  Lair:5: 956 daAuts
    D:13: 943 daAuts
  Lair:3: 867 daAuts
    D:12: 846 daAuts
     D:5: 796 daAuts
  Lair:2: 729 daAuts
Shoals:1: 696 daAuts
   Orc:1: 684 daAuts
     D:2: 639 daAuts
     D:6: 635 daAuts
